 Dungeon Crawl Stone Soup version 0.30-a0-557-ge2afbf3030 (webtiles) character file.

Game seed: 5933407596231193673

322 Sabo the Covered (level 6, 0/54 HPs)
             Began as an Armataur Fighter on Dec 27, 2022.
             Was a Follower of Dithmenos.
             Slain by Pikel
             ... wielding a +2 whip of freezing
              (2 damage)
             ... on level 5 of the Dungeon.
             The game lasted 00:17:15 (3738 turns).

Sabo the Covered (Armataur Fighter)                 Turns: 3738, Time: 00:17:16

Health: 0/54       AC: 11    Str: 23    XL:     6   Next: 22%
Magic:  6/6        EV:  6    Int:  8    God:    Dithmenos [*.....]
Gold:   209        SH:  4    Dex: 10    Spells: 5/5 levels left

rFire   . . .      SeeInvis .    a - +1 war axe (venom)
rCold   . . .      Faith    .    c - +0 buckler
rNeg    . . .      Spirit   .    l - +2 chain mail {Will+}
rPois   +          Reflect  .    (no helmet)
rElec   .          Harm     .    (no cloak)
rCorr   .          Roll     +    (no gloves)
Will    +....                    (no barding) Stlth
                                 i - amulet of the acrobat
HPRegen 0.29/turn                e - ring of poison resistance
MPRegen 0.10/turn                (no ring)

@: wreathed by umbra
A: large, rugged brown scales 3, deformed body, armoured tail, roll, long
tongue, awkward tongue
a: Renounce Religion


You were on level 5 of the Dungeon.
You worshipped Dithmenos.
Dithmenos was aware of your devotion.
You visited 1 branch of the dungeon, and saw 5 of its levels.

You collected 209 gold pieces.

Inventory:

Hand Weapons
 a - a +1 war axe of venom (weapon)
Missiles
 g - 8 javelins (quivered)
Armour
 c - a +0 buckler (worn)
 l - a +2 chain mail of willpower (worn)
Jewellery
 e - a ring of poison resistance (left hand)
 i - an amulet of the acrobat (around neck)
Scrolls
 b - a scroll of magic mapping {unknown}
 o - a scroll of teleportation
 s - a scroll of silence
 t - a scroll of fog
 u - a scroll of fear {unknown}
Potions
 d - a potion of might
 f - a potion of mutation {unknown}
 h - 2 potions of haste
 j - 2 potions of resistance {unknown}
 k - a potion of attraction {unknown}
 m - a potion of brilliance {unknown}
 n - 2 potions of flight {unknown}
 p - 2 potions of magic {unknown}
 q - a potion of heal wounds {unknown}
 r - 3 potions of curing {unknown}


   Skills:
 + Level 3.3 Fighting
 + Level 3.3 Axes
 + Level 5.7 Armour
 + Level 0.5 Dodging
 + Level 0.6 Stealth
 + Level 4.2 Shields


You had 5 spell levels left.
You didn't know any spells.
Your spell library contained the following spells:

 Spells                   Type           Power      Damage    Failure   Level
 Stone Arrow              Conj/Erth      0%         3d7       100%        3
 Animate Armour           Summ/Erth      0%         N/A       100%        4
 Lehudib's Crystal Spear  Conj/Erth      0%         10d2      100%        8


Dungeon Overview and Level Annotations

Branches:
Dungeon (5/15)             Temple (0/1) D:4

Altars:
Dithmenos
Fedhas

Annotations:
D:5 Pikel


Innate Abilities, Weirdness & Mutations

You are completely covered in rugged brown scales. (AC +3, +7% HP)
Armour fits poorly on your strangely shaped body.
You have a long armoured tail.
You roll when moving toward enemies. (Rampage)
Your long tongue fully drains potion bottles. (2x potion effects)
Your tongue gives you trouble enunciating. (1.5x scroll delay)


Message History

You hit the lemure.
The lemure looks as sick as possible!
You barely miss the lemure.
Pikel hits you with a +2 whip of freezing.
Pikel freezes you.
* * * LOW HITPOINT WARNING * * *
Pikel hits you with a +2 whip of freezing.
* * * LOW HITPOINT WARNING * * *
Pikel freezes you.
* * * LOW HITPOINT WARNING * * *
The lemure hits you but does no damage. The lemure barely misses you.
You hit Pikel.
Your tail-slap misses Pikel.
Pikel is lightly wounded.
You barely miss the lemure. You closely miss the lemure.
Pikel completely misses you.
The lemure hits you but does no damage. x2
Pikel hits you with a +2 whip of freezing.
* * * LOW HITPOINT WARNING * * *
Pikel freezes you.
* * * LOW HITPOINT WARNING * * *
The lemure hits you but does no damage. x2; Pikel barely misses you.
You hit Pikel but do no damage.
Pikel looks even sicker.
Pikel is lightly wounded.
You slash the lemure!
The lemure is poisoned.
You barely miss the lemure. Pikel waves his whip at you.
Pikel hits you but does no damage.
The lemure hits you but does no damage. x2
Pikel hits you with a +2 whip of freezing.
* * * LOW HITPOINT WARNING * * *
Pikel freezes you.
* * * LOW HITPOINT WARNING * * *
You barely miss Pikel.
Pikel is lightly wounded.
You closely miss the lemure. You hit the lemure.
The lemure looks as sick as possible!
Pikel says, "Hell isn't that bad."
You block Pikel's attack. The lemure hits you but does no damage.
The lemure hits you.
* * * LOW HITPOINT WARNING * * *
Pikel hits you with a +2 whip of freezing.
* * * LOW HITPOINT WARNING * * *
Pikel freezes you.
You die...

#.###############.
#...............#.
#.#############.#<
#.# #... #######.#
###. ......#'## #.
#....# #. #....#
#. #.5@.# #######.
+......K5+
.......>
#...#....#
###.###.
#...#....# #
#.###. #.. #.....
..#..... #.
#...... ........
#...... #.#.....
+....... #.....
##....


You could see Pikel (fast, very poisoned) and 2 lemures.

Vanquished Creatures
  2 lemures (D:5)
  A scorpion (D:4)
  A vampire bat (D:4)
  A jelly (D:4)
  An iguana (D:4)
  An orc wizard (D:4)
  Terence (D:3)
  3 adders
  4 worms (D:2)
  3 orcs (D:4)
  8 endoplasms
  3 giant cockroaches
  5 goblins
  3 hobgoblins
  6 jackals
  A quokka (D:1)
  7 ball pythons
  16 bats
  11 frilled lizards (D:1)
  9 kobolds
  2 rats (D:1)
89 creatures vanquished.

Vanquished Creatures (others)
  2 fungi (D:1)
  4 plants (D:1)
6 creatures vanquished.

Grand Total: 95 creatures vanquished

Notes
Turn   | Place    | Note
-------+----------+-------------------------------------------
     0 | D:1      | Sabo the Armataur Fighter began the quest for the Orb.
     0 | D:1      | Reached XP level 1. HP: 19/19 MP: 1/1
   267 | D:1      | Reached XP level 2. HP: 26/26 MP: 2/2
   665 | D:1      | Reached skill level 4 in Armour
  1036 | D:1      | Found a faded altar of an unknown god.
  1217 | D:2      | Found a blossoming altar of Fedhas.
  1220 | D:2      | Reached XP level 3. HP: 33/33 MP: 3/3
  1767 | D:2      | Reached XP level 4. HP: 26/40 MP: 4/4
  2222 | D:3      | Found a blossoming altar of Fedhas.
  2233 | D:3      | Noticed Terence
  2241 | D:3      | Killed Terence
  2359 | D:3      | Found a shadowy altar of Dithmenos.
  2948 | D:3      | Became a worshipper of Dithmenos the Shadowed
  3203 | D:4      | Reached skill level 5 in Armour
  3249 | D:4      | Reached XP level 5. HP: 48/48 MP: 5/5
  3394 | D:4      | Reached * piety under Dithmenos
  3484 | D:4      | Reached XP level 6. HP: 48/54 MP: 6/6
  3548 | D:4      | Found a staircase to the Ecumenical Temple.
  3646 | D:5      | Entered Level 5 of the Dungeon
  3727 | D:5      | Noticed Pikel
  3738 | D:5      | HP: 2/54 [Pikel/+2 whip of freezing (3)]
  3738 | D:5      | Slain by Pikel

Illustrated notes

Levels and vault maps discovered:
D:1:      tarquinn_simple_flora_water_d, layout_basic,
          shapermc_ecumenical_altar_mp_ritualfount,
          chequers_serial_rivers_large_b, corexii_corridor_pit,
          minmay_lizard_king
D:2:      layout_loops_cross, basic_altar, minmay_misc_feat_rows,
          bh_walls_and_bars
D:3:      layout_rooms, nicolae_dithmenos_through_a_glass_darkly,
          fedhas_altar_3, uniq_terence
D:4:      layout_cave_pools, minmay_temple_entry_from_below_a, roderic_batcave
D:5:      layout_basic, kennysheep_mini, bloody_trog, kennysheep_little_box,
          uniq_pikel, uniq_blork_the_orc, uniq_prince_ribbit1

Skill      XL: |  1  2  3  4  5 |
---------------+----------------+-----
Fighting       | 3 |  3.3
Armour         | 4 5 |  5.7
Axes           | 2 3 |  3.3
Shields        | 4 |  4.2
Dodging        | |  0.5
Stealth        | |  0.6

Action                   |  1- 3 |  4- 6 || total
-------------------------+-------+-------++-------
Melee: War axe           |   127 |    84 ||   211
       Tailslap          |    21 |    13 ||    34
  Use: Scroll            |       |     8 ||     8
Armor: Scale mail        |    85 |     5 ||    90
       Chain mail        |       |    58 ||    58
Dodge: Dodged            |    59 |    47 ||   106
Block: Buckler           |    29 |    28 ||    57

Table legend: (Time is in decaauts)
 A = Elapsed time spent in this place.
 B = Non-inter-level travel time spent in this place.
 C = Inter-level travel time spent in this place.
 D = Time resting spent in this place.
 E = Time spent auto-exploring this place.
 F = Levels seen in this place.
 G = Mean time per level.
                   A        B        C        D        E       F      G
               +--------+--------+--------+--------+--------+-----+--------+
         Total |   3831 |   3831 |      0 |    386 |      0 |   5 |  766.2 |
       Dungeon |   3831 |   3831 |      0 |    386 |      0 |   5 |  766.2 |
               +--------+--------+--------+--------+--------+-----+--------+

Top non-repeatable levels by time:
     D:1: 1242 daAuts
     D:2: 1017 daAuts
     D:3: 777 daAuts
     D:4: 698 daAuts
     D:5: 95 daAuts
